[Event "Team 45 45 League T59"]
[Site "Internet Chess Club"]
[Date "2013.12.23"]
[Round "5"]
[White "TwinsburgOHUSA"]
[Black "BrerRabbit"]
[Result "1-0"]
[WhiteElo "1499"]
[BlackElo "1532"]
[Opening "Queen's Pawn"]
[ECO "A41"]
[Time "19:01:48"]
[TimeControl "2700+45"]

1. d4 d6 2. Bf4 g6 3. e3 Bg7 4. Nf3 Nd7 5. Be2 e5 6. Bg5 Ngf6 7. dxe5 dxe5 8. c3
O-O 9. O-O h6 10. Bh4 g5 11. Bxg5 hxg5 12. Nxg5 Nb6 13. Qc2 Bh6 14. Rd1 Qe7 15.
Ne4 Bf5 16. Bd3 Bxe4 17. Bxe4 Nxe4 18. Qxe4 c6 19. Nd2 Rad8 20. Nf3 Rxd1+ 21.
Rxd1 Rd8 22. Rxd8+ Qxd8 23. h3 f6 24. Qg4+ Bg7 25. Nh4 Qd7 26. Nf5 Kh8 27. h4
Bf8 28. Qg6 Qe6 29. h5 Nd7 30. Nh4 Qg8 31. Qf5 Qf7 32. Ng6+ Kg8 33. Qg4 Kh7 34.
Qf5 Kg7 35. Qg4 Kh6 36. Qf5 Nb6 37. Nxe5 Qg7 38. Ng4+ {Black resigns} 1-0

[Event "Team 45 45 League T59"]
[Site "Internet Chess Club"]
[Date "2013.12.22"]
[Round "5"]
[White "guyd52"]
[Black "rkaebi"]
[Result "0-1"]
[WhiteElo "1312"]
[BlackElo "1268"]
[Opening "Réti: King's Indian attack (Barcza system)"]
[ECO "A07"]
[Time "06:02:35"]
[TimeControl "2700+45"]

1. Nf3 d5 2. g3 e6 3. Bg2 Nf6 4. d3 c5 5. O-O Nc6 6. Nbd2 Be7 7. e4 d4 8. a3 O-O
9. Nb3 b6 10. Qe1 Bb7 11. Bf4 Nh5 12. Bd2 Re8 13. c3 dxc3 14. Bxc3 Qxd3 15. Rd1
Qb5 16. Nbd2 Rad8 17. Nb1 a5 18. Rxd8 Rxd8 19. Qc1 Nf6 20. Re1 Qd3 21. Nbd2 Qd7
22. Bf1 Nd4 23. Ne5 Qc7 24. Nec4 Nxe4 25. Nxe4 Nf3+ 26. Kg2 Nxe1+ 27. Kg1 Nf3+
28. Kg2 Bxe4 29. h4 Bxh4 30. gxh4 Qh2# {White checkmated} 0-1

[Event "Team 45 45 League T59"]
[Site "Internet Chess Club"]
[Date "2013.12.20"]
[Round "5"]
[White "pereelcoix"]
[Black "rookmaster23"]
[Result "1-0"]
[WhiteElo "1726"]
[BlackElo "1604"]
[Opening "Sicilian: Alapin's variation (2.c3)"]
[ECO "B22"]
[Time "16:00:28"]
[TimeControl "2700+45"]

1. e4 c5 2. c3 d5 3. exd5 Qxd5 4. d4 e6 5. Nf3 Nf6 6. Na3 Qd8 7. Bd3 Nc6 8. O-O
cxd4 9. Nxd4 Nxd4 10. cxd4 Be7 11. Bf4 O-O 12. Nb5 Nd5 13. Bd2 a6 14. Nc3 Nb4
15. Qb1 Nxd3 16. Qxd3 Bf6 17. Be3 b5 18. Rfe1 Bb7 19. Rad1 Qd6 20. b3 Rac8 21.
Ne4 Bxe4 22. Qxe4 Rfd8 23. Bf4 Qd5 24. Qxd5 Rxd5 25. h3 Rcd8 26. Re2 Rxd4 27.
Rxd4 Rxd4 28. g3 h6 29. Rc2 Rd1+ 30. Kg2 Re1 31. Kf3 g5 32. Bd2 Rf1 33. Rc6 Bd4
34. Be3 Bxe3 35. Kxe3 Rh1 36. Rxa6 Rxh3 37. Rb6 f5 38. Rxb5 h5 39. a4 h4 40. Kf3
Rh2 41. gxh4 gxh4 42. a5 Rh1 43. Rb4 Ra1 44. Ra4 Rb1 45. b4 Rb3+ 46. Kg2 f4 47.
a6 h3+ 48. Kh2 Rf3 49. a7 Rxf2+ 50. Kxh3 f3 51. a8=Q+ Kf7 52. Ra7+ Kf6 53. Qf8+
{Black resigns} 1-0

[Event "Team 45 45 League T59"]
[Site "Internet Chess Club"]
[Date "2013.12.27"]
[Round "5"]
[White "sdcohle"]
[Black "drsigmund1"]
[Result "1-0"]
[WhiteElo "1466"]
[BlackElo "1579"]
[Opening "French: advance, Nimzovich system"]
[ECO "C02"]
[Time "13:30:40"]
[TimeControl "2700+45"]

1. e4 e6 2. d4 d5 3. e5 c5 4. Nf3 cxd4 5. Nxd4 Bc5 6. Be2 Qc7 7. Nf3 Nc6 8. Bf4
Nge7 9. Bd3 Qb6 10. O-O Qxb2 11. Nbd2 Nb4 12. Nb3 Nxd3 13. cxd3 Bb6 14. d4 Ng6
15. Be3 O-O 16. Qd3 Qa3 17. Rfc1 f6 18. Rc3 Qe7 19. Rac1 Bd7 20. h3 Rac8 21. Qc2
Rxc3 22. Qxc3 Rc8 23. Qb2 Rxc1+ 24. Qxc1 Bc6 25. Qc3 Qa3 26. exf6 gxf6 27. Qc2
Qd6 28. Qb2 e5 29. Qc3 e4 30. Nfd2 Nf4 31. Bxf4 Qxf4 32. g3 Qf5 33. Kh2 Bd7 34.
Qe3 Qxh3+ 35. Kg1 Qg4 36. f4 h5 37. Nf1 h4 38. a3 Bb5 39. Nh2 Qd1+ 40. Kg2 Qh5
41. gxh4 Qxh4 42. Nd2 Bc7 43. Qg3+ Qxg3+ 44. Kxg3 Bd6 45. Ng4 Kg7 46. Nb1 Bd3
47. Nc3 Bc4 48. a4 Bb4 49. Nb5 a6 50. Nc7 Kf7 51. Ne3 Bb3 52. Ncxd5 Bxa4 53.
Nxb4 Bb5 54. Ned5 a5 55. Nc2 Bc6 56. Nb6 Ke6 57. Nc4 a4 58. Nb4 b5 59. Ne3 Be8
60. Kg4 a3 61. f5+ Kf7 62. Kf4 Kg7 63. Kxe4 Bf7 64. d5 Kf8 65. Nec2 a2 66. Nxa2
Ke7 67. Nab4 Kd6 68. Kd4 Bh5 69. Ne3 Be2 70. Nc6 Bf3 71. Na7 b4 72. Nb5+ Kd7 73.
Kc4 {Black resigns} 1-0

[Event "Team 45 45 League T59"]
[Site "Internet Chess Club"]
[Date "2013.12.22"]
[Round "5"]
[White "Tribe97"]
[Black "HorseRadish"]
[Result "1-0"]
[WhiteElo "1392"]
[BlackElo "1361"]
[Opening "Nimzo-Indian: Reshevsky variation"]
[ECO "E46"]
[Time "19:00:46"]
[TimeControl "2700+45"]

1. d4 Nf6 2. c4 e6 3. Nc3 Bb4 4. e3 O-O 5. Ne2 c5 6. a3 cxd4 7. exd4 Bd6 8. c5
Be7 9. g3 d5 10. Bg2 b6 11. b4 bxc5 12. bxc5 Nc6 13. O-O Ba6 14. Re1 Rb8 15. Qc2
Na5 16. Rb1 Nc4 17. Rxb8 Qxb8 18. Qa4 Rc8 19. Qxa6 {Black resigns} 1-0

[Event "Team 45 45 League T59"]
[Site "Internet Chess Club"]
[Date "2013.12.23"]
[Round "5"]
[White "SeniorCitizen"]
[Black "akshayk06"]
[Result "1/2-1/2"]
[WhiteElo "1331"]
[BlackElo "1494"]
[Opening "Danish gambit: Collijn defense"]
[ECO "C21"]
[Time "12:00:14"]
[TimeControl "2700+45"]

1. e4 e5 2. d4 exd4 3. c3 dxc3 4. Bc4 cxb2 5. Bxb2 Qe7 6. Qd3 Nc6 7. Nf3 d6 8.
O-O Be6 9. Bd5 Bxd5 10. exd5 Ne5 11. Nxe5 dxe5 12. Qb5+ Qd7 13. Qxd7+ Kxd7 14.
Bxe5 f6 15. Bf4 Bd6 16. Bxd6 Kxd6 17. Rd1 Re8 18. Nc3 a6 19. Kf1 f5 20. Re1 Nf6
21. Rad1 Rxe1+ 22. Rxe1 Re8 23. Rd1 b5 24. a3 Ne4 25. Nxe4+ Rxe4 26. Rc1 Rc4 27.
Re1 Re4 28. Rc1 Rc4 29. Re1 Re4 30. Rc1 Rc4 {Game drawn by repetition} 1/2-1/2

[Event "Team 45 45 League T59"]
[Site "Internet Chess Club"]
[Date "2013.12.19"]
[Round "5"]
[White "Arawn"]
[Black "medsurg"]
[Result "1-0"]
[WhiteElo "1263"]
[BlackElo "1244"]
[Opening "Ruy Lopez: closed, 7...O-O"]
[ECO "C88"]
[Time "20:00:55"]
[TimeControl "2700+45"]

1. e4 e5 2. Nf3 Nc6 3. Bb5 a6 4. Ba4 Nf6 5. O-O b5 6. Bb3 Be7 7. Re1 O-O 8. d4
d6 9. Nc3 Bg4 10. Be3 b4 11. d5 bxc3 12. dxc6 cxb2 13. Rb1 Nxe4 14. Rxb2 Kh8 15.
Bxf7 Rxf7 16. Qd5 Bxf3 17. Qxf7 Bg5 18. Qxf3 Bxe3 19. Qxe3 Nf6 20. Qb3 h6 21.
Qe6 Rb8 22. Reb1 Rb6 23. Rxb6 cxb6 24. Rd1 Ne4 25. Qd7 Qh4 26. Qc8+ Kh7 27. Qf5+
Kh8 28. c7 {Black resigns} 1-0

[Event "Team 45 45 League T59"]
[Site "Internet Chess Club"]
[Date "2013.12.22"]
[Round "5"]
[White "Fulmar"]
[Black "stantheman59"]
[Result "0-1"]
[WhiteElo "1107"]
[BlackElo "1209"]
[Opening "Four knights: Ranken variation"]
[ECO "C48"]
[Time "19:30:41"]
[TimeControl "2700+45"]

1. e4 e5 2. Nf3 Nc6 3. Bb5 Nf6 4. Nc3 a6 5. Bxc6 dxc6 6. O-O Bc5 7. Nxe5 Bd4 8.
Nf3 Bxc3 9. bxc3 O-O 10. Re1 c5 11. e5 Nd7 12. d4 c4 13. Bf4 Nb6 14. Nd2 Be6 15.
a4 Nd5 16. Qf3 b5 17. Ne4 f6 18. Qg3 Rf7 19. Nc5 Bf5 20. Re2 Qc8 21. e6 Re7 22.
Qf3 c6 23. Bg5 Rxe6 24. Nxe6 Bxe6 25. Rae1 Bg4 26. Qe4 Bxe2 27. Qxe2 fxg5 28.
Qh5 h6 29. axb5 cxb5 30. Re5 Nxc3 31. d5 Qd8 32. Qf3 b4 33. Qf5 Qf8 34. Re8 Rxe8
35. Qd7 Re1# {White checkmated} 0-1

[Event "Team 45 45 League T59"]
[Site "Internet Chess Club"]
[Date "2013.12.23"]
[Round "5"]
[White "WzeroMN"]
[Black "tcianciola"]
[Result "0-1"]
[WhiteElo "1134"]
[BlackElo "1116"]
[Opening "Ruy Lopez: Berlin defense"]
[ECO "C65"]
[Time "11:01:08"]
[TimeControl "2700+45"]

1. e4 e5 2. Nf3 Nc6 3. Bb5 Nf6 4. Bxc6 bxc6 5. d3 d6 6. O-O Bg4 7. h3 Bh5 8.
Nbd2 d5 9. Re1 Bd6 10. b3 O-O 11. Bb2 Re8 12. Qc1 d4 13. Ba3 Qe7 14. Bxd6 Qxd6
15. Nc4 Qc5 16. Qa3 Qxa3 17. Nxa3 Nd7 18. g4 Bg6 19. h4 f5 20. gxf5 Bh5 21. Kg2
Rf8 22. Nc4 Bxf3+ 23. Kxf3 g6 24. Kg4 Nf6+ 25. Kh3 gxf5 26. Rg1+ Kh8 27. Nxe5
fxe4 28. Nxc6 exd3 29. cxd3 Nh5 30. Raf1 Nf4+ 31. Kh2 Nxd3 32. f3 Rf4 33. Rg4
Raf8 34. Nxd4 Rxg4 35. Ne6 Rf7 36. Ng5 Rxh4+ 37. Kg3 Rff4 38. Nf7+ Kg7 39. Ng5
Kf6 40. Nxh7+ Rxh7 41. Rd1 Rg7+ 42. Kh2 Rxf3 {White forfeits on time} 0-1

[Event "Team 45 45 League T59"]
[Site "Internet Chess Club"]
[Date "2013.12.23"]
[Round "5"]
[White "Conjurer"]
[Black "Aquaman"]
[Result "0-1"]
[WhiteElo "1299"]
[BlackElo "1366"]
[Opening "English, Keres variation"]
[ECO "A21"]
[Time "15:02:52"]
[TimeControl "2700+45"]

1. c4 e5 2. Nc3 c6 3. g3 d6 4. Bg2 Nf6 5. Nf3 Be7 6. O-O O-O 7. d3 Nbd7 8. b4 a6
9. a4 b6 10. Be3 Ng4 11. Bd2 Bb7 12. e4 Re8 13. Re1 Nf8 14. d4 exd4 15. Nxd4 Ne5
16. Bf1 c5 17. Nd5 cxd4 18. Nxe7+ Qxe7 19. h4 Bc8 20. Bg5 f6 21. Bc1 Ne6 22. f4
Nf7 23. f5 Nc7 24. Qxd4 Ne5 25. Ba3 Nf3+ {White resigns} 0-1

[Event "Team 45 45 League T59"]
[Site "Internet Chess Club"]
[Date "2013.12.19"]
[Round "5"]
[White "semperfi"]
[Black "guyd52"]
[Result "0-1"]
[WhiteElo "1374"]
[BlackElo "1332"]
[Opening "King's Indian: orthodox, 7...Nbd7"]
[ECO "E94"]
[Time "20:00:52"]
[TimeControl "2700+45"]

1. d4 Nf6 2. Nf3 g6 3. c4 Bg7 4. Nc3 O-O 5. e4 d6 6. Be2 Nbd7 7. O-O e5 8. d5
Nc5 9. Qc2 a6 10. Bg5 b6 11. b4 Ncd7 12. Rac1 Bb7 13. Rfe1 Qc8 14. h3 Re8 15.
Qd2 Bh8 16. Bh6 Nh5 17. Ng5 Ng7 18. Bg4 Re7 19. Qe2 Qd8 20. Bxg7 Bxg7 21. Nf3
Nf6 22. Ng5 Qf8 23. Nf3 h5 24. Bxh5 Nxh5 25. Ng5 Bh6 26. Qg4 Bc8 27. Qh4 f6 28.
g4 {White resigns} 0-1

[Event "Team 45 45 League T59"]
[Site "Internet Chess Club"]
[Date "2013.12.20"]
[Round "5"]
[White "Toalla"]
[Black "Fogbound"]
[Result "0-1"]
[WhiteElo "1304"]
[BlackElo "1366"]
[Opening "Dutch"]
[ECO "A80"]
[Time "15:01:38"]
[TimeControl "2700+45"]

1. d4 f5 2. Nf3 Nf6 3. Nc3 e6 4. Bg5 Be7 5. e3 d5 6. Bd3 O-O 7. O-O c6 8. Ne5
Bd7 9. Bxf6 Rxf6 10. f4 Be8 11. Kh1 Nd7 12. g4 Nxe5 13. fxe5 Rh6 14. Rg1 Bg5 15.
Qf3 Bg6 16. gxf5 Bh5 17. Qg3 Kh8 18. Qxg5 Bf3+ {White resigns} 0-1

[Event "Team 45 45 League T59"]
[Site "Internet Chess Club"]
[Date "2013.12.22"]
[Round "5"]
[White "artspir"]
[Black "wekabird"]
[Result "1-0"]
[WhiteElo "1260"]
[BlackElo "1043"]
[Opening "Queen's pawn game"]
[ECO "D02"]
[Time "18:00:26"]
[TimeControl "2700+45"]

1. d4 d5 2. Nf3 e6 3. Bf4 Nd7 4. e3 Ngf6 5. h3 Be7 6. Bd3 c5 7. c4 b6 8. Nc3 O-O
9. O-O cxd4 10. exd4 a5 11. b3 dxc4 12. bxc4 Bb7 13. Rb1 Bxf3 14. Qxf3 e5 15.
dxe5 Nxe5 16. Bxe5 Nd7 17. Bh2 Nc5 18. Bc2 g6 19. Rfd1 Qe8 20. Rxb6 Ra6 21. Rxa6
Nxa6 22. Nd5 Ba3 23. Nf6+ Kg7 24. Nxe8+ Rxe8 25. Qxa3 Nb4 26. Ba4 Re2 27. Qc3+
Kh6 28. Bf4+ g5 29. Rd6+ Re6 30. Rxe6+ fxe6 31. Qf6+ {Black resigns} 1-0

[Event "Team 45 45 League T59"]
[Site "Internet Chess Club"]
[Date "2013.12.20"]
[Round "5"]
[White "MasterD"]
[Black "kabubi"]
[Result "0-1"]
[WhiteElo "1260"]
[BlackElo "1221"]
[Opening "Bishop's opening: Berlin defense"]
[ECO "C24"]
[Time "17:00:50"]
[TimeControl "2700+45"]

1. e4 e5 2. Bc4 Nf6 3. d3 c6 4. Nf3 d5 5. Bb3 Nbd7 6. O-O Be7 7. Re1 O-O 8. exd5
cxd5 9. Nxe5 Bd6 10. Nxd7 Qxd7 11. Bg5 Ng4 12. h3 Bh2+ 13. Kh1 Nxf2+ 14. Kxh2
Nxd1 15. Rxd1 Qd6+ 16. Kg1 Qg3 17. Be7 Bxh3 18. Bxd5 Qe3+ 19. Kh2 Qxe7 20. Nc3
Bg4 21. Re1 Qh4+ 22. Kg1 Rae8 23. Rf1 Re7 24. Rf2 Be6 25. Raf1 Qd4 26. Be4 f5
27. Bf3 g5 28. Kh1 Qh4+ 29. Kg1 g4 30. Be2 g3 31. Rf4 Qh2# {White checkmated}
0-1

[Event "Team 45 45 League T59"]
[Site "Internet Chess Club"]
[Date "2013.12.20"]
[Round "5"]
[White "Rococo"]
[Black "ILoveChess108"]
[Result "1-0"]
[WhiteElo "1337"]
[BlackElo "1102"]
[Opening "Queen's pawn, Mason variation"]
[ECO "D00"]
[Time "11:02:20"]
[TimeControl "2700+45"]

1. d4 d5 2. Bf4 Bf5 3. Nf3 h6 4. e3 Nf6 5. Bd3 Bh7 6. Bxh7 Nxh7 7. Nbd2 e6 8. c3
Bd6 9. Bg3 Bxg3 10. hxg3 Nd7 11. Qc2 O-O 12. e4 dxe4 13. Qxe4 c6 14. O-O-O Nhf6
15. Qh4 Nd5 16. Qh3 b5 17. g4 Qf6 18. g3 Rfe8 19. g5 Qg6 20. gxh6 Qxh6 21. Qxh6
gxh6 22. Rxh6 Kg7 23. Rdh1 Rh8 24. R6h4 Rxh4 25. gxh4 N7f6 26. Kd1 Rh8 27. Ne5
Ne7 28. Ndf3 Rc8 29. Ng5 Rf8 30. h5 a6 31. h6+ Kg8 32. h7+ Kg7 33. Ngxf7 Nxh7
34. Ke1 Nf6 35. Ng5 a5 36. Nxe6+ Kg8 37. Nxf8 Kxf8 38. Rg1 b4 39. Ng6+ Nxg6 40.
Rxg6 Kf7 41. Rg5 bxc3 42. bxc3 Nd5 43. c4 Nb6 44. c5 Nd5 45. Rxd5 cxd5 46. f4
Kf6 47. c6 Ke6 48. f5+ Kd6 49. f6 Kxc6 50. f7 Kd7 51. f8=Q a4 52. Qf6 a3 53. Kf2
Kc7 54. Kf3 Kd7 55. Kf4 Kc7 56. Kf5 Kd7 57. Qe6+ Kc7 58. Ke5 Kb7 59. Kxd5 Kc7
60. Qd6+ Kb7 61. Kc5 Ka7 62. Qc6 Kb8 63. Qd7 Ka8 64. Kb6 Kb8 65. Qb7# {Black
checkmated} 1-0

[Event "Team 45 45 League T59"]
[Site "Internet Chess Club"]
[Date "2013.12.21"]
[Round "5"]
[White "RockingCHESS"]
[Black "wildangels"]
[Result "0-1"]
[WhiteElo "1119"]
[BlackElo "1180"]
[Opening "Queen's pawn game"]
[ECO "D04"]
[Time "10:00:49"]
[TimeControl "2700+45"]

1. d4 d5 2. Nf3 Nf6 3. e3 Bd7 4. Bd3 g6 5. O-O Bg7 6. c4 e6 7. Nc3 O-O 8. b3 Re8
9. Bb2 Bc6 10. Re1 Qd6 11. Qc1 Ng4 12. Ba3 Qd7 13. Qd1 e5 14. dxe5 Nxe5 15. Nxe5
Bxe5 16. Rc1 Qe6 17. cxd5 Bxd5 18. Bb5 Nc6 19. Nxd5 Red8 20. Qf3 Rxd5 21. Bc4
Rad8 22. Bxd5 Rxd5 23. Qh3 Qf6 24. f4 Bc3 25. Rf1 Rd3 26. Qc8+ Kg7 27. Bf8+ Kg8
28. Bh6+ Rd8 29. Qg4 Bd2 30. Rcd1 Qb2 31. Kh1 Qxa2 32. Qg5 Qxb3 33. Rb1 Qxe3 34.
Rxb7 Ba5 35. f5 Qd4 36. Qc1 Qd5 37. fxg6 Ne5 38. gxh7+ Kxh7 39. Rb1 Rg8 40. Rd1
Qxg2# {White checkmated} 0-1

[Event "Team 45 45 League T59"]
[Site "Internet Chess Club"]
[Date "2013.12.27"]
[Round "5"]
[White "Grenadier"]
[Black "xt"]
[Result "0-1"]
[WhiteElo "1675"]
[BlackElo "1669"]
[Opening "Sicilian: Grand Prix attack"]
[ECO "B23"]
[Time "20:01:08"]
[TimeControl "2700+45"]

1. e4 c5 2. Nc3 Nc6 3. f4 d6 4. Nf3 Nf6 5. Bc4 a6 6. a3 b5 7. Bd5 Nxd5 8. Nxd5
Bb7 9. d3 e6 10. Ne3 Be7 11. O-O Bf6 12. f5 O-O 13. fxe6 fxe6 14. Ng4 h6 15.
Nxf6+ Rxf6 16. Bd2 Qe7 17. Qe2 Raf8 18. Rf2 Nd4 19. Qd1 Nxf3+ 20. Rxf3 Rxf3 21.
gxf3 Qf7 22. Kf2 d5 23. Qe2 dxe4 24. dxe4 Qg6 25. Rg1 Qxe4 26. Qxe4 Bxe4 27.
Bxh6 Rxf3+ 28. Ke2 Rf7 29. c3 Kh7 30. Be3 c4 31. Bd4 g6 32. Rg3 Rf5 33. Rh3+ Rh5
34. Rxh5+ gxh5 35. Ke3 Bd5 36. Kf4 Kg6 37. h4 Kf7 38. Ke5 Ke7 39. Bc5+ Kd7 40.
Be3 Bf3 41. Bh6 Bg4 42. Kd4 Kc6 43. Bf8 Kb6 44. Bb4 Bf5 45. Ke3 e5 46. Bd6 e4
47. Kf4 Bg6 48. Kg5 Be8 49. Kf4 Ka5 50. Kxe4 Ka4 51. Kd4 Kb3 52. a4 Kxa4 53. Ba3
a5 54. Bc5 Kb3 55. Ke3 Kxb2 56. Kd2 a4 57. Bb4 a3 58. Bxa3+ Kxa3 59. Kc2 Bd7 60.
Kb1 Kb3 61. Ka1 Kxc3 62. Ka2 Kd2 {White resigns} 0-1

[Event "Team 45 45 League T59"]
[Site "Internet Chess Club"]
[Date "2013.12.24"]
[Round "5"]
[White "rookmaster23"]
[Black "GoIrish"]
[Result "1-0"]
[WhiteElo "1622"]
[BlackElo "1634"]
[Opening "Alekhine's defense: modern variation"]
[ECO "B04"]
[Time "08:04:20"]
[TimeControl "2700+45"]

1. e4 Nf6 2. e5 Nd5 3. d4 d6 4. Nf3 Nc6 5. Bb5 a6 6. Ba4 Bd7 7. Bb3 Be6 8. c4
dxe5 9. cxd5 Bxd5 10. dxe5 Bxf3 11. Qxd8+ Rxd8 12. gxf3 Nxe5 13. f4 Nd3+ 14. Ke2
e6 15. Nc3 Bc5 16. Ne4 Ba7 17. Rd1 Nxc1+ 18. Raxc1 Rd7 19. Rxd7 Kxd7 20. Ng5 c6
21. Nxf7 Rf8 22. Ne5+ Ke7 23. Rc4 g5 24. Rb4 Kd6 25. Rxb7 Rxf4 26. Nc4+ Kc5 27.
Rxa7 Kd4 28. Rxa6 {Black resigns} 1-0

[Event "Team 45 45 League T59"]
[Site "Internet Chess Club"]
[Date "2013.12.19"]
[Round "5"]
[White "bmw2002"]
[Black "mongmong"]
[Result "1-0"]
[WhiteElo "1577"]
[BlackElo "1679"]
[Opening "English opening"]
[ECO "A13"]
[Time "20:05:52"]
[TimeControl "2700+45"]

1. c4 e6 2. g3 Nf6 3. Bg2 d5 4. cxd5 exd5 5. Nf3 Be7 6. O-O O-O 7. d3 c5 8. Nbd2
Nc6 9. Nb3 b6 10. Bd2 Bb7 11. Qc2 Re8 12. Rfe1 Bf8 13. a4 Nd7 14. Bh3 Nde5 15.
Nxe5 Nxe5 16. a5 d4 17. Bg2 Bxg2 18. Kxg2 h5 19. axb6 axb6 20. Bf4 Qd5+ 21. Kg1
Ng6 22. Rxa8 Rxa8 23. e4 dxe3 24. Bxe3 Ne5 25. Nd2 Qxd3 26. Qd1 Rd8 27. Qxh5 g6
28. Qxe5 Bg7 29. Qf4 Bxb2 30. Nc4 Bc3 31. Rf1 Qd5 32. Nxb6 Qc4 {Black resigns}
1-0

[Event "Team 45 45 League T59"]
[Site "Internet Chess Club"]
[Date "2013.12.21"]
[Round "5"]
[White "oldsj"]
[Black "BrerRabbit"]
[Result "1/2-1/2"]
[WhiteElo "1590"]
[BlackElo "1551"]
[Opening "Pirc: Ufimtsev-Pytel variation"]
[ECO "B07"]
[Time "10:01:30"]
[TimeControl "2700+45"]

1. e4 d6 2. d4 Nf6 3. Nc3 c6 4. Nf3 Bg4 5. h3 Bh5 6. Be2 e6 7. O-O Be7 8. Bf4 d5
9. e5 Nfd7 10. Nb1 Qb6 11. b3 c5 12. c3 cxd4 13. cxd4 Nc6 14. Be3 O-O 15. Nc3
Rac8 16. Rc1 Ba3 17. Rb1 Bg6 18. Bd3 Bxd3 19. Qxd3 h6 20. Qd2 Ne7 21. Ne2 Bb4
22. Qd1 Rc7 23. Rc1 Rxc1 24. Qxc1 Rc8 25. Qb1 Rc6 26. Rc1 Qc7 27. Rxc6 Qxc6 28.
Nh2 Nb8 29. Ng4 Nf5 30. Bf4 Qa6 31. Qc2 Nc6 32. Nh2 Qb6 33. Nf3 Ba5 34. Be3
{Game drawn by mutual agreement} 1/2-1/2

[Event "Team 45 45 League T59"]
[Site "Internet Chess Club"]
[Date "2013.12.30"]
[Round "5"]
[White "room-matt"]
[Black "zugknightly"]
[Result "1-0"]
[WhiteElo "1827"]
[BlackElo "1882"]
[Opening "Robatsch (modern) defense"]
[ECO "B06"]
[Time "15:10:21"]
[TimeControl "2700+45"]

1. e4 g6 2. d4 Bg7 3. Nc3 d6 4. Be2 a6 5. Be3 Nd7 6. Qd3 b5 7. a3 Bb7 8. Nf3 c5
9. O-O-O b4 10. axb4 cxb4 11. Nb1 d5 12. e5 e6 13. h4 h5 14. Ng5 Qe7 15. g4 hxg4
16. Bxg4 Nh6 17. Bxe6 Nb6 18. Bxf7+ Nxf7 19. Qxg6 Bh6 20. Qxb6 Bc8 21. Qc6+
{Black resigns} 1-0

[Event "Team 45 45 League T59"]
[Site "Internet Chess Club"]
[Date "2013.12.19"]
[Round "5"]
[White "rayonline53"]
[Black "jps7"]
[Result "1-0"]
[WhiteElo "1586"]
[BlackElo "1747"]
[Opening "QGD: Ragozin variation"]
[ECO "D38"]
[Time "18:06:43"]
[TimeControl "2700+45"]

1. d4 d5 2. c4 e6 3. Nf3 Nf6 4. Nc3 Bb4 5. a3 Bxc3+ 6. bxc3 O-O 7. e3 c6 8. Bd3
dxc4 9. Bxc4 Ne4 10. Qc2 Nd6 11. Bd3 g6 12. O-O Nd7 13. Bb2 Nb6 14. c4 Nf5 15.
Rad1 Nh4 16. Be2 Bd7 17. g3 Nxf3+ 18. Bxf3 Qf6 19. Bg2 Rad8 20. d5 Qe7 21. d6
Qe8 22. e4 e5 23. c5 Nc8 24. f4 f6 25. f5 gxf5 26. exf5 Qh5 27. Qe4 Kf7 28. g4
Qg5 29. Bc1 Qg7 30. Rd3 Rg8 31. Rg3 h6 32. h4 Qh7 33. Qe3 h5 34. g5 Bxf5 35.
Rxf5 Qxf5 36. Be4 Qe6 37. g6+ Ke8 38. Qh6 Rd7 39. Qxh5 Qc4 40. Bf5 Qxc1+ 41. Kh2
Qd2+ 42. Rg2 Qf4+ 43. Kh1 Qf1+ 44. Rg1 Qf4 45. Bxd7+ Kxd7 46. Qh7+ Ke6 47. Qxg8+
Kf5 48. Qxc8+ Ke4 49. Qg4 Kd5 50. Qxf4 exf4 51. g7 {Black resigns} 1-0

[Event "Team 45 45 League T59"]
[Site "Internet Chess Club"]
[Date "2013.12.22"]
[Round "5"]
[White "BenjaminSisko"]
[Black "ElMarginal"]
[Result "0-1"]
[WhiteElo "1593"]
[BlackElo "1529"]
[Opening "Scandinavian defense, Lasker variation"]
[ECO "B01"]
[Time "20:10:41"]
[TimeControl "2700+45"]

1. e4 d5 2. exd5 Qxd5 3. Nc3 Qa5 4. d4 Nf6 5. Nf3 Bg4 6. h3 Bh5 7. g4 Bg6 8. Ne5
Nbd7 9. Bg2 c6 10. O-O e6 11. a3 Nxe5 12. dxe5 Qxe5 13. Re1 Qc7 14. Qf3 Be7 15.
Bf4 Qc8 16. h4 O-O 17. Qe2 h6 18. g5 hxg5 19. Bxg5 Qc7 20. Bf3 Nd5 21. Nxd5 cxd5
22. Bxe7 Qxe7 23. h5 Qg5+ 24. Kh2 Qf4+ 25. Kh3 Bf5+ 26. Bg4 Rac8 27. c3 Rc4 28.
f3 Bxg4+ 29. fxg4 Re4 30. Qd1 Re3+ 31. Rxe3 Qxe3+ 32. Kg2 Rc8 33. Qf3 Qd2+ 34.
Qf2 Qxf2+ 35. Kxf2 Rc4 36. Rg1 Kh7 37. Ke3 Re4+ 38. Kd3 Kh6 39. c4 Rxc4 {White
resigns} 0-1

[Event "Team 45 45 League T59"]
[Site "Internet Chess Club"]
[Date "2013.12.21"]
[Round "5"]
[White "werty"]
[Black "rayngrant"]
[Result "1/2-1/2"]
[WhiteElo "1540"]
[BlackElo "1533"]
[Opening "King's Indian: London system"]
[ECO "A45"]
[Time "14:32:55"]
[TimeControl "2700+45"]

1. d4 Nf6 2. Bf4 g6 3. Nf3 Bg7 4. c3 O-O 5. e3 d6 6. h3 c5 7. Be2 Qb6 8. Qc1
cxd4 9. exd4 Nd5 10. Bh2 Nc6 11. O-O e5 12. dxe5 dxe5 13. Nbd2 Nf4 14. Bxf4 exf4
15. Nb3 Re8 16. Bd3 Ne5 17. Be2 Bf5 18. Qxf4 Nd3 19. Bxd3 Bxd3 20. Rfe1 Bc2 21.
Qc4 Rac8 22. Rxe8+ Rxe8 23. Re1 Rxe1+ 24. Nxe1 Bb1 25. Qc8+ Bf8 26. Nd4 Qxb2 27.
Ne6 fxe6 28. Qxe6+ Kg7 29. Qe5+ Kg8 30. Qe6+ Kg7 31. Qe5+ Kf7 32. Qd5+ Ke7 33.
Qc5+ Ke8 34. Qc8+ Ke7 35. Qc5+ {Game drawn by mutual agreement} 1/2-1/2

[Event "Team 45 45 League T59"]
[Site "Internet Chess Club"]
[Date "2013.12.21"]
[Round "5"]
[White "Bookkeeper"]
[Black "justice02"]
[Result "1/2-1/2"]
[WhiteElo "1691"]
[BlackElo "1795"]
[Opening "French defense"]
[ECO "C00"]
[Time "15:01:27"]
[TimeControl "2700+45"]

1. e4 e6 2. Nf3 d5 3. exd5 exd5 4. d4 Bd6 5. Nc3 c6 6. Bd3 h6 7. O-O Ne7 8. Re1
Be6 9. Bd2 Qc7 10. Ne5 Nd7 11. Bf4 Nxe5 12. dxe5 Bb4 13. Bd2 Qd7 14. a3 Ba5 15.
Na4 Bxd2 16. Qxd2 b6 17. Nc3 Bf5 18. Rad1 O-O 19. f4 Qe6 20. Ne2 c5 21. Ng3 Bg4
22. Be2 Bxe2 23. Qxe2 Rad8 24. Qh5 Qg6 25. c3 Qc2 26. f5 g6 27. Qxh6 Nxf5 28.
Nxf5 Qxf5 29. Rd2 g5 30. Rf2 Qg6 31. Qxg6+ fxg6 32. e6 Rxf2 33. Kxf2 Kg7 34. Kg3
Kf6 35. Kg4 Re8 36. e7 d4 37. cxd4 cxd4 38. Kf3 d3 39. Re3 g4+ 40. Kxg4 d2 41.
Rd3 Rxe7 42. Rxd2 Re4+ 43. Kf3 Re7 44. Rd6+ Kg5 45. Rd5+ Kh6 46. h4 Rf7+ 47. Kg3
Re7 48. Kf3 Rf7+ 49. Kg3 Re7 50. Kh3 Re3+ 51. g3 Rb3 52. Rd2 b5 53. Kg4 a5 54.
Kf4 a4 55. g4 b4 56. g5+ Kg7 57. Rd7+ Kg8 58. axb4 Rxb4+ 59. Ke5 Rxb2 60. Rd8+
Kf7 61. Ra8 Rb4 62. Ra7+ Kg8 63. Ra8+ Kf7 64. Ra7+ Kg8 65. Ra8+ Kf7 {Game drawn
by repetition} 1/2-1/2

[Event "Team 45 45 League T59"]
[Site "Internet Chess Club"]
[Date "2013.12.20"]
[Round "5"]
[White "badmove"]
[Black "AdithJosh"]
[Result "1-0"]
[WhiteElo "1605"]
[BlackElo "1436"]
[Opening "Sicilian: closed"]
[ECO "B23"]
[Time "17:17:37"]
[TimeControl "2700+45"]

1. e4 c5 2. Nc3 d6 3. g3 Nf6 4. Bg2 g6 5. h3 Bg7 6. d3 Nc6 7. Be3 O-O 8. f4 Qc7
9. Nf3 a6 10. O-O b5 11. Rb1 Be6 12. g4 Rad8 13. Ng5 Qd7 14. f5 Bxf5 15. exf5 h6
16. Nge4 Nxe4 17. Bxe4 Bxc3 18. bxc3 d5 19. Bg2 c4 20. fxg6 fxg6 21. Rxf8+ Rxf8
22. Bxh6 Rf6 23. dxc4 bxc4 24. Qxd5+ Qxd5 25. Bxd5+ Kh7 26. Bg5 {Black resigns}
1-0